 Dungeon Crawl Stone Soup version 0.27-a0-67-g4bfc8a49e1 (webtiles) character file.

Game seed: 4813161446636363594

393 Borgoz the Covered (level 7, -7/47 HPs)
             Began as a Halfling Fighter on Jan 9, 2021.
             Blown up by Ijyb (29 damage)
             ... with a disintegration bolt
             ... on level 5 of the Dungeon.
             The game lasted 00:03:34 (4450 turns).

Borgoz the Covered (Halfling Fighter)               Turns: 4450, Time: 00:03:35

Health: -7/47      AC:  7    Str: 17    XL:     7   Next: 8%
Magic:  7/7        EV:  9    Int:  6    God:
Gold:   210        SH: 10    Dex: 16    Spells: 4/6 levels left

rFire    . . .     SeeInvis .   a - +0 long sword
rCold    . . .     Faith    .   c - +0 kite shield
rNeg     . . .     Spirit   .   b - +0 scale mail
rPois    .         Reflect  .   (no helmet)
rElec    .         Harm     .   (no cloak)
rCorr    .         Rampage  .   (no gloves)
Will     .....                  (no boots)
Stlth    ..........             (no amulet)
HPRegen  0.15/turn              (no ring)
MPRegen  0.10/turn              (no ring)

@: no status effects
A: small, mutation resistance 1
a: no special abilities


You were on level 5 of the Dungeon.
You visited 1 branch of the dungeon, and saw 5 of its levels.

You collected 210 gold pieces.

Inventory:

Hand Weapons
 a - a +0 long sword (weapon)
Armour
 b - a +0 scale mail (worn)
 c - a +0 kite shield (worn)
Wands
 g - a wand of polymorph (14)
 o - a wand of flame (11)
Scrolls
 f - 2 scrolls of remove curse
 h - a scroll of fear {unknown}
 j - 2 scrolls of teleportation {unknown}
 k - a scroll of fog {unknown}
 l - a scroll of immolation {unknown}
 m - a scroll of enchant armour
 r - a scroll of noise {unknown}
Potions
 d - a potion of might
 e - 3 potions of curing
 i - a potion of magic {unknown}
 n - a potion of invisibility
 p - a potion of cancellation


   Skills:
 + Level 3.8 Fighting
 * Level 4.6 Long Blades
 + Level 4.7 Armour
 + Level 4.6 Shields


You had 4 spell levels left.
You knew the following spells:

 Your Spells              Type           Power        Failure   Level
a - Blink                 Tloc           N/A          100%        2

Your spell library contained the following spells:

 Spells                   Type           Power        Failure   Level
 Magic Dart               Conj           0%           100%        1
 Call Imp                 Summ           0%           100%        2
 Slow                     Hex            0%           100%        2
 Conjure Flame            Conj/Fire      0%           100%        3
 Mephitic Cloud           Conj/Pois/Air  0%           100%        3


Dungeon Overview and Level Annotations

Branches:
Dungeon (5/15)
 Temple: D:4-7

Altars:
Yredelemnul

Annotations:
D:5 Ijyb


Innate Abilities, Weirdness & Mutations

You are small and have problems with some larger weapons.
You are somewhat resistant to further mutation.


Message History

You block the ufetubus's attack.
The ufetubus hits you but does no damage.
The orc hits you but does no damage. The ufetubus barely misses you.
You block the ufetubus's attack.
You hit the ufetubus but do no damage.
The ufetubus is almost dead.
The ufetubus hits you. x2; You block the orc's attack.
The ufetubus barely misses you. You block the ufetubus's attack.
You slash the ufetubus!
You kill the ufetubus!
The orc hits you but does no damage.
Ijyb zaps a wand.
You are blasted!
The orc hits you but does no damage.
You are too injured to fight recklessly!
Ijyb hits you but does no damage. The orc hits you but does no damage.
Items here: )) [[.
You hit Ijyb.
Ijyb is lightly wounded.
Ijyb zaps a wand.
You are blasted!
Ouch! That really hurt!
You die...

#.....)... ##.
.........#####... .
...#...###### #... .)
.#.#..## #...
...##......### #...
##..... .....# #...
....... #..#.########...
.......##..#.#..........
......g@.†..............
..#....o#....#......).).
#.....##...#######....
#..#.#..##..## #.... #..
#[##..##..######.... .(
.. #.........##.... . ..
..?.....###.##.... ##.
.##....####.##....
#..##.#..........


You could see Ijyb and an orc.

Vanquished Creatures
  A scorpion (D:5)
  A bullfrog zombie (D:5)
  2 orc wizards (D:5)
  Jessica (D:2)
  2 worker ants (D:4)
  6 adders
  2 shadow imps (D:5)
  3 ufetubi (D:5)
  2 oozes
  2 worms
  3 dart slugs
  A leopard gecko (D:1)
  8 orcs
  6 giant cockroaches
  7 hobgoblins
  3 jackals (D:2)
  2 quokkas
  2 ball pythons
  5 bats
  3 frilled lizards
  4 goblins
  11 kobolds
  A quokka skeleton (D:5)
  6 rats
84 creatures vanquished.

Vanquished Creatures (others)
  64 plants
64 creatures vanquished.

Grand Total: 148 creatures vanquished

Notes
Turn   | Place    | Note
-------+----------+-------------------------------------------
     0 | D:1      | Borgoz the Halfling Fighter began the quest for the Orb.
     0 | D:1      | Reached XP level 1. HP: 15/15 MP: 1/1
   139 | D:1      | Reached XP level 2. HP: 20/20 MP: 2/2
   907 | D:2      | Reached XP level 3. HP: 25/25 MP: 3/3
  1089 | D:2      | Noticed Jessica
  1094 | D:2      | Killed Jessica
  1095 | D:2      | Reached XP level 4. HP: 31/31 MP: 4/4
  1116 | D:2      | Learned a level 2 spell: Blink
  1565 | D:2      | Reached XP level 5. HP: 33/34 MP: 5/5
  2233 | D:3      | Found a basalt altar of Yredelemnul.
  3405 | D:4      | Reached XP level 6. HP: 8/42 MP: 6/6
  3705 | D:5      | Entered Level 5 of the Dungeon
  4428 | D:5      | Noticed Ijyb
  4445 | D:5      | Reached XP level 7. HP: 32/47 MP: 7/7
  4450 | D:5      | Blown up by Ijyb

Illustrated notes

Levels and vault maps discovered:
D:1:      lightli_arrival_boilingwater, layout_basic, serial_co_window_serial,
          co_window_paths_a, co_window_of_opportunity_a, co_window_paths_b,
          co_window_paths_a, co_window_paths_a, co_window_of_opportunity_a,
          co_window_paths_c, co_window_broadway_b, co_window_corner_b
D:2:      layout_loops_ring, serial_bayou, serial_bayou_shore_b,
          serial_bayou_pond_b, serial_bayou_pond_c, serial_bayou_pond_c,
          serial_bayou_lagoon_a, serial_bayou_crossing, uniq_jessica
D:3:      layout_loops_ring, lemuel_doored_altar, serial_bayou,
          serial_bayou_ford_a, serial_bayou_pond_b, serial_bayou_shore_a,
          serial_bayou_pond_a
D:4:      layout_basic, tgw_kikubaaqudgha, uniq_robin, uniq_grinder
D:5:      layout_loops_cross, minmay_temple_entry_waves, uniq_ijyb

Skill      XL: |  1  2  3  4  5  6 |
---------------+-------------------+-----
Fighting       | 3 |  3.8
Long Blades    | 3 4 |  4.6
Armour         | 4 |  4.7
Shields        | 4 |  4.6

Action                   |  1- 3 |  4- 6 |  7- 9 || total
-------------------------+-------+-------+-------++-------
Melee: Long sword        |    87 |   223 |     5 ||   315
  Use: Scroll            |       |     7 |       ||     7
Armor: Scale mail        |    38 |    80 |     7 ||   125
Dodge: Dodged            |    27 |   103 |     5 ||   135
Block: Kite shield       |    48 |   107 |     5 ||   160
       Rpst.: Long sword |     5 |    28 |       ||    33

Table legend: (Time is in decaauts)
 A = Elapsed time spent in this place.
 B = Non-inter-level travel time spent in this place.
 C = Inter-level travel time spent in this place.
 D = Time resting spent in this place.
 E = Time spent auto-exploring this place.
 F = Levels seen in this place.
 G = Mean time per level.
                   A        B        C        D        E       F      G
               +--------+--------+--------+--------+--------+-----+--------+
         Total |   4610 |   4558 |     52 |    786 |   3054 |   5 |  922.0 |
       Dungeon |   4610 |   4558 |     52 |    786 |   3054 |   5 |  922.0 |
               +--------+--------+--------+--------+--------+-----+--------+

Top non-repeatable levels by time:
     D:2: 1245 daAuts
     D:3: 1034 daAuts
     D:1: 897 daAuts
     D:5: 765 daAuts
     D:4: 667 daAuts
